 Dungeon Crawl Stone Soup version 0.28.0-47-ge53b351184 (webtiles) character file.

Game seed: 11111525539438998408

25 Peloso the Covered (level 2, -1/27 HPs)
             Began as a Minotaur Fighter on Apr 29, 2022.
             Succumbed to an adder's poison
             ... on level 2 of the Dungeon.
             The game lasted 00:01:10 (849 turns).

Peloso the Covered (Minotaur Fighter)                Turns: 849, Time: 00:01:10

Health: -1/27      AC:  9    Str: 20    XL:     2   Next: 86%
Magic:  1/1        EV:  7    Int:  5    God:
Gold:   31         SH:  4    Dex:  9    Spells: 1/1 levels left

rFire   . . .      SeeInvis .   a - +0 long sword
rCold   . . .      Faith    .   c - +0 buckler
rNeg    . . .      Spirit   .   f - +0 chain mail
rPois   .          Reflect  .   (helmet restricted)
rElec   .          Harm     .   (no cloak)
rCorr   .          Rampage  .   (no gloves)
Will    .....                   (no boots)
Stlth   ..........              (no amulet)
HPRegen 0.09/turn               (no ring)
MPRegen 0.07/turn               (no ring)

@: lethally poisoned (-1 -> -6)
A: horns 2, retaliatory headbutt
a: no special abilities


You were on level 2 of the Dungeon.
You visited 1 branch of the dungeon, and saw 2 of its levels.

You collected 31 gold pieces.

Inventory:

Hand Weapons
 a - a +0 long sword (weapon)
Armour
 b - a +0 scale mail
 c - a +0 buckler (worn)
 f - a +0 chain mail (worn)
Jewellery
 i - a ring of willpower
Scrolls
 e - 3 scrolls of identify {unknown}
 g - a scroll of noise {unknown}
 h - a scroll of fog {unknown}
Potions
 d - 2 potions of might


   Skills:
 + Level 3.9 Fighting
 + Level 2.8 Long Blades
 + Level 4.2 Armour
 + Level 4.0 Shields


You had one spell level left.
You didn't know any spells.
Your spell library was empty.

Dungeon Overview and Level Annotations

Branches:
Dungeon (2/15)

Altars:

Shops:
D:1 [


Innate Abilities, Weirdness & Mutations

You have a pair of horns on your head.
You reflexively headbutt those who attack you in melee.


Message History

Found 24 stones.
i - a ring of willpower A rat comes into view.
A rat is nearby!
The adder hisses angrily.
You hit the rat.
You kill the rat!
The adder bites you but does no damage. The adder barely misses you.
The adder bites you.
You are poisoned.
The adder poisons you!
You see here a rat corpse.
You miss the adder.
You feel sick.
The adder bites you but does no damage. x2
You hit the adder. Your headbutt misses the adder.
The adder is lightly wounded.
You feel sick.
The adder bites you but does no damage. x2
You barely miss the adder.
The adder is lightly wounded.
You feel sick. The adder bites you but does no damage.
You miss the adder.
The adder is lightly wounded.
You feel sick.
You are no longer poisoned.
The adder bites you but does no damage. The adder closely misses you.
You closely miss the adder.
The adder is lightly wounded.
The adder barely misses you. You block the adder's attack.
You barely miss the adder.
The adder is lightly wounded.
The adder bites you.
* * * LOW HITPOINT WARNING * * *
You are lethally poisoned!
The adder poisons you!
You miss the adder.
The adder is lightly wounded.
* * * LOW HITPOINT WARNING * * *
You feel sick. You block the adder's attack. The adder bites you.
* * * LOW HITPOINT WARNING * * *
You completely miss the adder. Your headbutt misses the adder.
You die...

#...# .... . #..#
.. #..##.. .
###........
####....##....
...###....S........
(..........@.......
##.####.....#####..
.#......).#...#
..........#.(.#
#.......†).#...
#........†.#####.
##.................
#........?.........
...........####...


You could see an adder.

Vanquished Creatures
  3 endoplasms
  2 giant cockroaches (D:1)
  4 goblins
  4 hobgoblins
  2 quokkas (D:1)
  A ball python (D:1)
  2 frilled lizards
  2 kobolds (D:2)
  4 rats
24 creatures vanquished.

Notes
Turn   | Place    | Note
-------+----------+-------------------------------------------
     0 | D:1      | Peloso the Minotaur Fighter began the quest for the Orb.
     0 | D:1      | Reached XP level 1. HP: 19/19 MP: 0/0
   304 | D:1      | Reached XP level 2. HP: 27/27 MP: 1/1
   764 | D:1      | Found Ymeviawk's Armour Shoppe.
   848 | D:2      | HP: 1/27 [adder (1)]
   849 | D:2      | Succumbed to an adder's poison

Illustrated notes

Levels and vault maps discovered:
D:1:      evilmike_arrival_plus, layout_basic, serial_shops,
          nicolae_shop_behind_doors, minmay_parallelograms
D:2:      layout_rooms, minmay_distorted

Skill      XL: |  1  2 |
---------------+-------+-----
Armour         | 4 |  4.2
Shields        | 4 |  4.0
Fighting       | |  3.9
Long Blades    | |  2.8

Action                   || total
-------------------------++-------
Melee: Long sword        ||    57
Armor: Scale mail        ||     7
       Chain mail        ||    29
Dodge: Dodged            ||    19
Block: Buckler           ||    20
